 Dungeon Crawl Stone Soup version 0.31-a0-345-g1ebeae05c6 (webtiles) character file.

Game seed: 11528328492091566271

2276 Gelion the Changeling (level 9, -1/74 (88) HPs)
             Began as a Troll Shapeshifter on July 23, 2023.
             Was a Follower of Trog.
             Slain by a gnoll sergeant
             ... wielding a +0 trident
              (8 damage)
             ... on level 7 of the Dungeon.
             The game lasted 00:09:03 (4692 turns).

Gelion the Changeling (Troll Shapeshifter)          Turns: 4692, Time: 00:09:03

HP:   -1/74 (88)    AC:  4    Str: 25    XL:     9   Next: 16%
MP:   0/8           EV: 10    Int:  4    God:    Trog [*.....]
Gold: 469           SH:  0    Dex: 14    Spells: 8/8 levels left

rFire   . .          .
                       - Unarmed
rCold   + . .        (no shield)
rNeg    . . .        a - +0 animal skin
rPois   +            (helmet currently unavailable)
rElec   .            (cloak currently unavailable)
rCorr   .            (gloves unavailable)
SInv    .            (boots unavailable)
Will    .....        e - amulet of guardian spirit
Stlth   +            i - ring of poison resistance
HPRegen 1.12/turn    z - ring of protection from cold
MPRegen 0.11/turn

%: guardian spirit
@: beast-form, heavily drained
A: beast (slay +5), large, unfitting armour, claws 3, regeneration 1, shaggy fur
1, tough skin 1
a: Begin Untransformation, Renounce Religion, Berserk


You were on level 7 of the Dungeon.
You worshipped Trog.
Trog was aware of your devotion.
You were a hulking beast.
You visited 2 branches of the dungeon, and saw 8 of its levels.
You also visited: Ossuary.

You collected 469 gold pieces.

Inventory:

Armour
 a - a +0 animal skin (worn)
 r - a +1 cloak
Jewellery
 e - an amulet of guardian spirit (around neck)
 i - a ring of poison resistance (left claw)
 z - a ring of protection from cold (right claw)
Talismans
 c - a beast talisman
 o - a blade talisman
Wands
 v - a wand of mindburst (15)
 A - a wand of polymorph (12)
Scrolls
 f - 3 scrolls of blinking
 t - 2 scrolls of poison
 y - 6 scrolls of teleportation
Potions
 b - 2 potions of lignification
 d - a potion of ambrosia
 g - a potion of mutation
 h - a potion of brilliance
 j - a potion of might
 k - a potion of haste
 m - a potion of invisibility
 p - 5 potions of curing
 s - 3 potions of berserk rage
 w - a potion of attraction
 C - a potion of cancellation


   Skills:
 + Level 5.0 Fighting
 - Level 1.5 Dodging
 + Level 6.8 Unarmed Combat
 * Level 7.9 Shapeshifting


You had 8 spell levels left.
You didn't know any spells.
Your spell library was empty.

Dungeon Overview and Level Annotations

Branches:
Dungeon (7/15)             Temple (1/1) D:6         Ossuary (visited)

Altars:
Cheibriados
Hepliaklqana
Makhleb
Nemelex Xobeh
Okawaru
Qazlal
Ru
Sif Muna
Trog
Uskayaw
Wu Jian
Yredelemnul
Zin
The Shining One


Innate Abilities, Weirdness & Mutations

You are a hulking beast.
Your limbs bulge with bestial killing power. (Slay +5)
You are too large for most types of armour.
You have claws for hands.
Your natural rate of healing is unusually fast.
You are covered in fur. (AC +1)
You have tough skin. (AC +1)


Message History

You kill the gnoll!
Trog accepts your kill.
The gnoll hits you from afar with a +0 spear.
The gnoll hits you with a +0 spear. The gnoll barely misses you.
The gnoll sergeant hits you with a +0 trident!
There is an open door, spattered with blood here.
You see here a +2 spear of venom.
You mangle the gnoll!!
You kill the gnoll!
Trog accepts your kill. The gnoll barely misses you.
The gnoll sergeant closely misses you.
The gnoll sergeant attacks as you move away!
The gnoll sergeant hits you with a +0 trident!
The gnoll sergeant hits you from afar with a +0 trident.
Things that are here:
a +0 flail; an iguana corpse The gnoll barely misses you.
The gnoll sergeant closely misses you.
You mangle the gnoll!!
You kill the gnoll!
Trog accepts your kill. The gnoll sergeant closely misses you.
The gnoll sergeant barely misses you.
Items here: )) ††.
You completely miss the gnoll sergeant.
The gnoll sergeant hits you with a +0 trident.
You barely miss the gnoll sergeant.
The gnoll sergeant hits you with a +0 trident!
You scratch the gnoll sergeant but do no damage.
The gnoll sergeant hits you with a +0 trident!
* * * LOW HITPOINT WARNING * * *
You scratch the gnoll sergeant.
The gnoll sergeant is moderately wounded.
The gnoll sergeant hits you with a +0 trident!
* * * LOW HITPOINT WARNING * * *
You barely miss the gnoll sergeant.
The gnoll sergeant is moderately wounded.
You barely miss the gnoll sergeant.
The gnoll sergeant is moderately wounded.
The gnoll sergeant hits you with a +0 trident!
You die...

. ###### .. #....#
...#### #....# .......
#....# ....... #....#
#####
.......####....######...#
......)gh................
...)...#####.............
.....## #...........##
#### #...........#
######'###### #.# #.# ..#
# ###


You could see a gnoll sergeant.

Vanquished Creatures
  3 water moccasins
  An orc warrior (D:7)
  An ice beast (D:5)
  A black bear (D:5)
  3 phantoms
  2 scorpions
  5 wights (D:6)
  6 killer bees (D:7)
  4 jellies
  2 orc priests
  4 hounds
  Ijyb (D:3)
  Jessica (D:3)
  3 iguanas
  3 orc wizards
  3 mummies (Ossuary)
  11 gnolls
  6 adders
  A shadow imp (D:5)
  An adder zombie (Ossuary)
  2 dart slugs
  17 orcs
  4 ball pythons
  3 endoplasms
  2 giant cockroaches (D:1)
  7 goblins
  6 hobgoblins
  2 jackals (D:1)
  2 quokkas
  2 bats
  7 frilled lizards
  2 goblin zombies (Ossuary)
  3 hobgoblin zombies (Ossuary)
  5 kobolds
  3 kobold zombies (Ossuary)
  An orc zombie (Ossuary)
  5 quokka zombies (Ossuary)
  4 rats
  3 rat zombies (Ossuary)
142 creatures vanquished.

Notes
Turn   | Place    | Note
-------+----------+-------------------------------------------
     0 | D:1      | Gelion the Troll Shapeshifter began the quest for the Orb.
     0 | D:1      | Reached XP level 1. HP: 18/18 MP: 0/0
   106 | D:1      | Reached skill level 1 in Fighting
   163 | D:1      | Reached XP level 2. HP: 27/27 MP: 1/1
   533 | D:2      | Identified the +8 whip of Precise Incision {speed, Drain
                  | rC+ rN++ Will+}
   586 | D:2      | Reached XP level 3. HP: 29/33 MP: 2/2
  1138 | D:3      | Reached XP level 4. HP: 38/42 MP: 3/3
  1143 | D:3      | Reached skill level 4 in Shapeshifting
  1198 | D:3      | Noticed Jessica
  1202 | D:3      | Killed Jessica
  1237 | D:3      | Noticed Ijyb
  1245 | D:3      | Killed Ijyb
  1246 | D:3      | Reached XP level 5. HP: 46/49 MP: 4/4
  1433 | D:4      | Noticed a phantom
  1448 | D:4      | Killed a phantom
  1483 | D:4      | Reached XP level 6. HP: 55/59 MP: 5/5
  1614 | D:4      | Reached skill level 5 in Shapeshifting
  1786 | D:4      | Reached XP level 7. HP: 63/67 MP: 6/6
  2229 | D:5      | Entered Level 5 of the Dungeon
  2497 | D:5      | Reached skill level 5 in Unarmed Combat
  2579 | D:5      | Reached skill level 6 in Shapeshifting
  2714 | D:5      | Reached XP level 8. HP: 62/78 MP: 7/7
  3699 | D:6      | Found a staircase to the Ecumenical Temple.
  3792 | D:6      | Reached skill level 7 in Shapeshifting
  3958 | Temple   | Entered the Ecumenical Temple
  3976 | Temple   | Became a worshipper of Trog the Wrathful
  4122 | D:7      | Reached XP level 9. HP: 12/87 MP: 1/8
  4272 | D:7      | Found a sand-covered staircase.
  4281 | Ossuary  | Entered an ossuary
  4297 | Ossuary  | Reached skill level 5 in Fighting
  4374 | Ossuary  | Reached * piety under Trog
  4692 | D:7      | Slain by a gnoll sergeant

Illustrated notes

Levels and vault maps discovered:
D:1:      onia_arrival_pentagram, layout_rooms, minmay_pentomino_o2
D:2:      layout_rooms, minmay_box_of_dots
D:3:      layout_basic, kennysheep_orc_chapel, uniq_ijyb, uniq_jessica
D:4:      layout_cave_pods
D:5:      layout_loops_corners, serial_rivers, chequers_serial_rivers_micro_d,
          chequers_serial_rivers_micro_c, chequers_serial_rivers_marsh,
          chequers_serial_rivers_large_b, chequers_serial_rivers_marsh
D:6:      layout_basic, minmay_temple_entry_mist, minivault_24
D:7:      layout_basic, nicolae_ossuary_entry_monument, lemuel_flamethrower_1
Temple:   jpeg_temple_clearing

Skill      XL: |  1  2  3  4  5  6  7  8  9 |
---------------+----------------------------+-----
Fighting       | 1 2 3 4 5 |  5.0
Shapeshifting  | 4 5 6 7 |  7.9
Unarmed Combat | 4 5 6 |  6.8
Dodging        | |  1.5

Action                     |  1- 3 |  4- 6 |  7- 9 || total
---------------------------+-------+-------+-------++-------
  Melee: Unarmed           |    28 |       |    26 ||    54
         Whip              |    38 |    84 |   197 ||   319
         Punch             |       |     1 |     4 ||     5
    Use: Scroll            |       |       |    23 ||    23
   Stab: Sleeping          |     1 |       |     2 ||     3
 Armour: Animal skin       |    21 |    13 |    34 ||    68
  Dodge: Dodged            |    26 |    30 |    71 ||   127

Table legend: (Time is in decaauts)
 A = Elapsed time spent in this place.
 B = Non-inter-level travel time spent in this place.
 C = Inter-level travel time spent in this place.
 D = Time resting spent in this place.
 E = Time spent auto-exploring this place.
 F = Levels seen in this place.
 G = Mean time per level.
                   A        B        C        D        E       F      G
               +--------+--------+--------+--------+--------+-----+--------+
         Total |   4599 |   4319 |    280 |    102 |   3443 |   9 |  511.0 |
       Dungeon |   4262 |   4016 |    246 |      2 |   3353 |   7 |  608.9 |
        Temple |     36 |      2 |     34 |      0 |      0 |   1 |   36.0 |
       Ossuary |    300 |    300 |      0 |    100 |     90 |   1 |  300.0 |
               +--------+--------+--------+--------+--------+-----+--------+

Top non-repeatable levels by time:
     D:5: 951 daAuts
     D:4: 778 daAuts
     D:6: 769 daAuts
     D:3: 490 daAuts
     D:1: 484 daAuts
     D:2: 437 daAuts
     D:7: 349 daAuts
 Ossuary: 300 daAuts
  Temple: 36 daAuts
